 Dungeon Crawl Stone Soup version 0.23.0 (webtiles) character file.

Game seed: 8297887199208960247

6 tidbits the Charmwright (level 1, 5/20 HPs)
             Began as a Gnoll Skald on Feb 11, 2019.
             Quit the game on level 3 of the Dungeon.
             The game lasted 00:01:01 (97 turns).

tidbits the Charmwright (Gnoll Skald)                 Turns: 97, Time: 00:01:02

Health: 5/20       AC:  3    Str: 13    XL:     1   Next: 90%
Magic:  3/6        EV: 14    Int: 15    God:
Gold:   0          SH:  0    Dex: 14    Spells: 8/9 levels left

rFire    . . .     SeeInvis .   a - +0 spear
rCold    . . .     Gourm    .   (no shield)
rNeg     . . .     Faith    .   b - +0 leather armour
rPois    .         Spirit   .   (no helmet)
rElec    .         Reflect  .   (no cloak)
rCorr    .         Harm     .   (no gloves)
MR       .....                  (no boots)
Stlth    +.........             (no amulet)
HPRegen  0.06/turn              (no ring)
MPRegen  0.10/turn              (no ring)

@: infused
A: distributed training, fangs 1, strong nose
a: no special abilities


You were on level 3 of the Dungeon.
You were not hungry.

You visited 1 branch of the dungeon, and saw 3 of its levels.

Inventory:

Hand Weapons
 a - a +0 spear (weapon)
 c - a +0 dagger
Armour
 b - a +0 leather armour (worn)
Scrolls
 e - a scroll of amnesia {unknown}
Comestibles
 d - 2 rations


   Skills:
 + Level 4.4 Fighting
 + Level 0.1 Short Blades
 + Level 0.1 Long Blades
 + Level 0.1 Axes
 + Level 0.1 Maces & Flails
 + Level 4.4 Polearms
 + Level 0.1 Staves
 + Level 0.1 Slings
 + Level 0.1 Bows
 + Level 0.1 Crossbows
 + Level 0.1 Throwing
 + Level 2.4 Armour
 + Level 4.4 Dodging
 + Level 0.1 Stealth
 + Level 0.1 Shields
 + Level 0.1 Unarmed Combat
 + Level 4.9 Spellcasting
 + Level 0.1 Conjurations
 + Level 0.1 Hexes
 + Level 5.3 Charms
 + Level 0.1 Summonings
 + Level 0.1 Necromancy
 + Level 0.1 Translocations
 + Level 0.1 Transmutations
 + Level 0.1 Fire Magic
 + Level 0.1 Ice Magic
 + Level 0.1 Air Magic
 + Level 0.1 Earth Magic
 + Level 0.1 Poison Magic
 + Level 0.2 Invocations
 + Level 0.1 Evocations


You had 8 spell levels left.
You knew the following spells:

 Your Spells              Type           Power        Failure   Level  Hunger
i - Infusion              Chrm           ###.         2%          1    None

Your spell library contained the following spells:

 Spells                   Type           Power        Failure   Level  Hunger
 Song of Slaying          Chrm           ###.....     3%          2    ##.....
 Shroud of Golubria       Chrm/Tloc      ##........   11%         2    ##.....
 Regeneration             Chrm/Necr      ##........   21%         3    ###....
 Spectral Weapon          Hex/Chrm       ##......     21%         3    ###....


Dungeon Overview and Level Annotations

Branches:
Dungeon (2/15)

Altars:
Okawaru


Innate Abilities, Weirdness & Mutations

Your experience applies equally to all skills.
You have very sharp teeth.
Your uncanny sense of smell can sniff out nearby items.


Message History

A frilled lizard and a bat come into view.
The frilled lizard hisses angrily.
The bat closely misses you.
You see here a ration.
Unknown command.
You hit the bat.
You kill the bat!
A bat comes into view.
d - 2 rations (gained 1)
You hit the frilled lizard.
You kill the frilled lizard!
You completely miss the bat.
You are no longer magically infusing your attacks.
The bat hits you but does no damage.
You miss the bat. The bat closely misses you.
The frilled lizard closely misses you.
You miss the frilled lizard. The bat barely misses you.
The frilled lizard closely misses you.
You closely miss the bat. Your bite misses the bat. The bat misses you.
The frilled lizard barely misses you.
You closely miss the frilled lizard. The bat barely misses you.
You hit the bat. Your bite misses the bat.
The bat is severely wounded.
The bat hits you but does no damage. The frilled lizard misses you.
You miss the frilled lizard. The bat barely misses you.
The frilled lizard misses you.
You miss the frilled lizard. The bat closely misses you.
The frilled lizard misses you.
You hit the bat.
You kill the bat!
The frilled lizard bites you.
You closely miss the frilled lizard. Your bite misses the frilled lizard.
The frilled lizard bites you.
You miss the frilled lizard. You hit the frilled lizard.
You kill the frilled lizard!
Found a stone staircase leading down.
Found 12 gold pieces and 9 stones.
Unknown command.
Found a leather armour.
Unknown command.
Found a scroll labeled SAJANA SESIE.
Found a chain mail.
You see here a scroll labeled SAJANA SESIE.
e - a scroll labeled SAJANA SESIE
There is a stone staircase leading down here.
Found a whip.
There is a stone staircase leading down here.
You climb downwards.
Found 19 stones and a mace.
There is a stone staircase leading up here.
Unknown command.
Found 2 gold pieces.
An adder and a goblin come into view.
The goblin shouts!
Unknown command.
Found 9 gold pieces.
You see here a mace.
Really walk into that teleport trap?
You enter a teleport trap!
The teleport trap disappears.
Your surroundings suddenly seem different.
A frilled lizard comes into view.
You fall through a shaft!
The shaft crumbles and collapses.
A goblin comes into view. It is wielding a +0 spear.
The goblin shouts!
A goblin comes into view. It is wielding a +0 spear.
The goblin shouts!
The orc moves out of view.
Found a sapphire potion, a flail and a hat.
Found an iron altar of Okawaru.
Found an escape hatch in the ceiling.
An adder and an orc come into view.
You see here 2 metallic green potions.
Casting: Infusion (safe; 2% risk of failure)
Confirm with . or Enter, or press ? or * to list all spells.
You begin infusing your attacks with magical energy.
The goblin barely misses you.
The goblin hits you from afar with a +0 spear.
Unknown command.
You hit the orc.
The orc is almost dead.
You barely miss the orc.
The orc is almost dead.
The orc misses you.
The goblin hits you from afar with a +0 spear.
The goblin hits you but does no damage.
You hit the orc!
You kill the orc!
The goblin hits you from afar with a +0 spear.
* * * LOW HITPOINT WARNING * * *
The goblin hits you from afar with a +0 spear.
* * * LOW HITPOINT WARNING * * *
You are too injured to fight recklessly!
You are too injured to fight recklessly!
You are too injured to fight recklessly!
You are too injured to fight recklessly!
You are too injured to fight recklessly!
Are you sure you want to abandon this character and quit the game? (Confirm with "yes".)

.......[......
.............
...........
####.........
.....S)....#
∆..<......#
#≈≈!≈≈#
#g≈@≈g#
#≈≈)≈≈#
#..8..#
#.8_8.#
#..8..#
#######


You could see an adder and 2 goblins.

Vanquished Creatures
  An orc (D:3)
  A goblin (D:1)
  2 bats (D:1)
  2 frilled lizards (D:1)
6 creatures vanquished.

Notes
Turn   | Place    | Note
-------+----------+-------------------------------------------
     0 | D:1      | tidbits the Gnoll Skald began the quest for the Orb.
     0 | D:1      | Reached XP level 1. HP: 20/20 MP: 6/6
    92 | D:2      | You fall through a shaft!
    92 | D:3      | Found an iron altar of Okawaru.
    97 | D:3      | Quit the game

Action                   || total
-------------------------++-------
Melee: Spear             ||    19
 Cast: Infusion          ||     2
Armor: Leather armour    ||     3
Dodge: Dodged            ||    16

Table legend:
 A = Turns spent in this place as a percentage of turns spent in the entire game.
 B = Non-inter-level travel turns spent in this place as a percentage of non-inter-level travel turns spent in the entire game.
 C = Inter-level travel turns spent in this place as a percentage of turns spent in this place.
 D = Turns resting spent in this place as a percentage of non-inter-level travel turns spent in this place.
 E = Turns spent auto-exploring this place as a percentage of non-inter-level travel turns spent in this place.
 F = Non-inter-level travel turns spent in this place divided by the number of levels of this place that you've seen.
                   A       B       C       D       E      F
               +-------+-------+-------+-------+-------+----------------------
         Total | 100.0 | 100.0 |   0.0 |   0.0 |   0.0 |  32.3
       Dungeon | 100.0 | 100.0 |   0.0 |   0.0 |   0.0 |  32.3
               +-------+-------+-------+-------+-------+----------------------

Table legend:
 A = Kills in this place as a percentage of kills in entire the game.
 B = Kills by you in this place as a percentage of kills by you in the entire game.
 C = Kills by friends in this place as a percentage of kills by friends in the entire game.
 D = Other kills in this place as a percentage of other kills in the entire game.
 E = Experience gained in this place as a percentage of experience gained in the entire game.
 F = Experience gained in this place divided by the number of levels of this place that you have seen.
                   A       B       C       D       E      F
               +-------+-------+-------+-------+-------+----------------------
         Total | 100.0 | 100.0 |   N/A |   N/A | 100.0 |   3.0
       Dungeon | 100.0 | 100.0 |   N/A |   N/A | 100.0 |   3.0
               +-------+-------+-------+-------+-------+----------------------

Levels and vault maps discovered:
D:1:      giann_wishing_wells, layout_rooms
D:2:      minmay_angry_zag, layout_loops_ring
D:3:      layout_rooms, chequers_ecumenical_altar_simple_redux,
          kennysheep_okawaru_gauntlet, uniq_terence
